 Dungeon Crawl Stone Soup version 0.20.1-1-g8b1a95d (webtiles) character file.

27179 Golfball the Blocker (level 13, -3/68 HPs)
             Began as a Gargoyle Fighter on Oct 13, 2017.
             Was the Champion of Okawaru.
             Slain by a komodo dragon (29 damage)
             ... on level 4 of the Lair of Beasts.
             The game lasted 01:07:13 (16426 turns).

Golfball the Blocker (Gargoyle Fighter)            Turns: 16426, Time: 01:07:13

Health: -3/68      AC:  0    Str: 23    XL:     13   Next: 30%
Magic:  14/20      EV: 21    Int: 11    God:    Okawaru [******]
Gold:   1396       SH:  2    Dex:  9    Spells: 12/12 levels left

rFire    . . .     SeeInvis .     - Unarmed
rCold    . . .     Gourm    .   (shield currently unavailable)
rNeg     + . .     Faith    .   (armour currently unavailable)
rPois    ∞         Spirit   .   (helmet currently unavailable)
rElec    .         Reflect  +   (cloak currently unavailable)
rCorr    .         Harm     .   (gloves currently unavailable)
MR       .....                  (boots currently unavailable)
Stlth    +++.......             K - +2 amulet of reflection
Regen    0.3/turn               (ring currently unavailable)
MPRegen  0.2/turn               (ring currently unavailable)

@: pig-form, heroism, finesse, very quick
A: negative energy resistance 1, petrification resistance, rot immunity, AC +9
a: Heroism, Finesse, Renounce Religion


You were on level 4 of the Lair of Beasts.
You worshipped Okawaru.
Okawaru was exalted by your worship.
You were not hungry.
You were a filthy swine.
You visited 4 branches of the dungeon, and saw 17 of its levels.

You collected 1396 gold pieces.

Inventory:

Hand Weapons
 a - a +4 morningstar of flaming (melded)
 E - a +3 dire flail of holy wrath
 M - a +2 hand axe of electrocution
Armour
 c - a +0 shield (melded)
 e - a +2 ring mail of fire resistance
 y - a +2 pair of boots (melded)
 A - a +1 cloak (melded)
 C - the +5 scale mail of the Orb Guardian (melded) {rN+++ SInv Stlth-}
   (You found it on level 2 of the Lair of Beasts)

   It renders you almost immune to negative energy.
   It lets you see invisible.
   It makes you less stealthy.
 H - a +0 helmet (melded)
 N - a scarf of repulsion
 U - a +1 pair of gloves of strength (melded)
 Y - the +7 crystal plate armour of Poor Excuses {-Cast rElec rN+ Int+4}
   (Okawaru gifted it to you on level 4 of the Lair of Beasts)

   It affects your intelligence (+4).
   It insulates you from electricity.
   It protects you from negative energy.
   It prevents spellcasting.
Jewellery
 r - a +1 ring of evasion (melded)
 I - an uncursed amulet of faith
 K - a +2 amulet of reflection (around neck)
 L - an uncursed ring of fire
 T - an uncursed ring of protection from cold
 Z - a +4 ring of dexterity (melded)
Wands
 b - a wand of acid (7/15)
 m - a wand of random effects (10/48)
 D - a wand of disintegration (24/24)
 G - a wand of lightning (5/15)
 O - a wand of clouds (3/9)
 P - a wand of lightning (9/15)
 Q - a wand of iceblast (6/15)
 R - a wand of digging (18/24)
 V - a wand of confusion (33/48)
 W - a wand of polymorph (12/24)
 X - a wand of random effects (23/48)
Scrolls
 j - 2 scrolls of enchant armour
 o - 6 scrolls of remove curse
 q - a scroll of magic mapping
 F - 7 scrolls of teleportation
 J - a scroll of recharging
 S - a scroll of enchant weapon
Potions
 d - 2 potions of might
 g - 3 potions of cancellation
 h - 3 potions of mutation
 i - 2 potions of resistance
 k - 3 potions of ambrosia
 l - 2 potions of curing
 p - 2 potions of invisibility
 s - 2 potions of brilliance
 t - a potion of flight
 v - 2 potions of heal wounds
 x - 3 potions of haste
 z - 2 potions of lignification
 B - 2 potions of agility
Comestibles
 f - 7 bread rations
 n - 15 fruits
 u - 10 meat rations
 w - 16 royal jellies


   Skills:
 - Level 3.2(8.2) Fighting
 - Level 10.3(15.3) Maces & Flails
 - Level 10.1(15.1) Armour
 + Level 9.0(14.0) Dodging
 - Level 10.4(15.4) Shields
 - Level 10.0 Invocations
 + Level 6.0 Evocations


You had 12 spell levels left.
You didn't know any spells.

Dungeon Overview and Level Annotations

Branches:
Dungeon (11/15)            Temple (1/1) D:5            Lair (4/6) D:9
  Snake (0/4) Lair:3          Orc (1/2) D:9
  Swamp: Lair:2-4    Shoals: Lair:2-4

Altars:
Fedhas
Hepliaklqana
Kikubaaqudgha
Makhleb
Nemelex Xobeh
Okawaru
Uskayaw
Vehumet
Yredelemnul
Zin

Shops:
D:5 [   D:6 (   D:8 }

Portals:
Trove: D:11 (give 7 scrolls of blinking)

Annotations:
D:10 exclusion: ice statue
Lair:4 Kirke


Innate Abilities, Weirdness & Mutations

You are resistant to torment.
((Your stone body is resilient. (AC +9)))
You are immune to poison.
You resist negative energy. (rN+)
((You are resistant to electric shocks. (rElec)))
((You can survive without breathing.))
You are immune to petrification.
You are immune to rotting.


Message History

The +5 scale mail of the Orb Guardian {rN+++ SInv Stlth-} melds into your body.
Your +1 ring of evasion melds into your body.
Your +4 ring of dexterity melds into your body.
Your +4 morningstar of flaming stops flaming.
You feel weaker.
You feel clumsy.
There is an open door, spattered with blood here.
Things that are here:
a hog corpse x2
Deactivating autopickup; reactivate with Ctrl-A.
You bite something!
A crocodile comes into view.
You miss something. The hog bites you. The komodo dragon bites you!!
Something hits you.
You hit something.
The crocodile moves out of view.
You barely miss something. The hog completely misses you.
The komodo dragon barely misses you.
You bite something! Something hits you!
You barely miss something. The hog misses you.
You closely miss something. The komodo dragon bites you!!
You die...

##. ###.. ### .##
##.#.## ##### ..#...#
...(.P####P#.##{......
#..........hhh.....
#...####.###l......
#..## ### t......
##.## ....... #..##
....... ##.P# ...####
#.## §♣≈≈ #.## ♣≈§≈§
#..#


You could see a komodo dragon, 2 hogs and a crocodile.

Vanquished Creatures
  2 hydras
  5 two-headed ogres
  A death yak (Lair:3)
  2 black mambas
  9 spiny frogs
  A rime drake (Lair:2)
  4 komodo dragons
  A troll (D:11)
  A slime creature (D:11)
  A hornet (D:11)
  4 blink frogs (Lair:1)
  A hippogriff (D:10)
  2 hogs (Lair:4)
  A wyvern (Lair:3)
  34 yaks
  A steam dragon (D:9)
  2 vampire mosquitoes (D:11)
  4 nagas (Lair:3)
  A warg (D:9)
  5 water moccasins
  7 porcupines
  Duvessa (D:7)
  8 orc warriors
  A sky beast (D:6)
  An eye of draining (D:10)
  A black bear (D:9)
  7 ice beasts
  3 necrophages
  A phantom (D:6)
  9 wolves
  6 centaurs
  4 ogres
  6 crocodiles
  10 bullfrogs
  A water moccasin zombie (D:7)
  A wyvern zombie (D:6)
  Dowan (D:7)
  3 scorpions
  4 killer bees (D:11)
  7 wights
  6 howler monkeys
  9 crimson imps
  2 centaur zombies
  2 bullfrog zombies (D:6)
  5 jellies
  6 hounds
  10 orc priests
  A gnoll shaman (D:7)
  16 orc wizards
  2 bullfrog skeletons
  2 centaur skeletons
  2 iguanas
  Natasha (thrice) (D:4)
  7 worker ants
  A hound zombie (D:10)
  A howler monkey skeleton (D:5)
  A worker ant zombie (D:9)
  3 gnolls (D:7)
  14 adders
  A shadow imp (D:11)
  4 white imps (D:11)
  7 oozes
  An adder zombie (D:5)
  An adder skeleton (D:5)
  5 worms
  7 dart slugs
  10 leopard geckos
  82 orcs
  A ball python (D:3)
  9 bats
  11 giant cockroaches
  8 goblins
  10 hobgoblins
  7 jackals
  4 quokkas
  5 frilled lizards
  9 kobolds
  2 quokka skeletons
  12 rats
  A fungus (D:9)
454 creatures vanquished.

Vanquished Creatures (others)
  2 fungi
  A plant (D:9)
3 creatures vanquished.

Grand Total: 457 creatures vanquished

Notes
Turn   | Place    | Note
-------+----------+-------------------------------------------
     0 | D:1      | Golfball the Gargoyle Fighter began the quest for the Orb.
     0 | D:1      | Reached XP level 1. HP: 14/14 MP: 1/1
   183 | D:1      | Reached XP level 2. HP: 18/19 MP: 2/2
   641 | D:1      | Reached XP level 3. HP: 22/23 MP: 3/3
  1201 | D:2      | Reached XP level 4. HP: 28/28 MP: 4/4
  1387 | D:2      | Found a radiant altar of Vehumet.
  1921 | D:3      | Reached skill level 5 in Maces & Flails
  1921 | D:3      | Reached XP level 5. HP: 27/32 MP: 5/5
  2479 | D:3      | Reached XP level 6. HP: 34/37 MP: 6/6
  3370 | D:4      | Reached XP level 7. HP: 35/41 MP: 7/7
  3477 | D:4      | Noticed Natasha
  3674 | D:4      | Killed Natasha
  3836 | D:4      | Noticed Natasha
  3840 | D:4      | Killed Natasha
  4059 | D:4      | Noticed Natasha
  4064 | D:4      | Killed Natasha
  4100 | D:5      | Entered Level 5 of the Dungeon
  4194 | D:5      | Found a hide-covered altar of Uskayaw.
  4201 | D:5      | Reached XP level 8. HP: 42/46 MP: 8/8
  4528 | D:5      | Found Godic's Armour Boutique.
  4598 | D:5      | Found a staircase to the Ecumenical Temple.
  4606 | Temple   | Entered the Ecumenical Temple
  4615 | Temple   | Became a worshipper of Warmaster Okawaru
  5058 | D:6      | Reached skill level 10 in Maces & Flails
  5096 | D:6      | Found a basalt altar of Yredelemnul.
  5160 | D:6      | Reached skill level 1 in Invocations
  5184 | D:6      | Reached * piety under Okawaru
  5308 | D:6      | Found Fuil's Antique Weapon Shoppe.
  5400 | D:6      | Reached skill level 5 in Armour
  5400 | D:6      | Reached XP level 9. HP: 51/51 MP: 11/11
  5828 | D:7      | Reached ** piety under Okawaru
  5853 | D:7      | Noticed Dowan
  5854 | D:7      | Noticed Duvessa
  5858 | D:7      | Killed Duvessa
  5862 | D:7      | Killed Dowan
  5950 | D:7      | Reached skill level 5 in Invocations
  6058 | D:7      | Noticed a two-headed ogre
  6069 | D:7      | Killed a two-headed ogre
  6161 | D:7      | Got an iridescent trident
  6167 | D:7      | Identified the +2 trident "Nets" {distort, +Fly MP-9 Str+3} (You found it on level 7 of the Dungeon)
  6699 | D:8      | Reached XP level 10. HP: 56/56 MP: 15/15
  6797 | D:8      | Found Junus's Gadget Shop.
  6864 | D:8      | Noticed a five-headed hydra
  6871 | D:8      | Killed a five-headed hydra
  6871 | D:8      | Reached *** piety under Okawaru
  6908 | D:8      | Found a sparkling altar of Nemelex Xobeh.
  7345 | D:8      | Identified a scroll of acquirement
  8322 | D:9      | Noticed a two-headed ogre
  8332 | D:9      | Killed a two-headed ogre
  8332 | D:9      | Reached **** piety under Okawaru
  8332 | D:9      | Reached skill level 10 in Armour
  8498 | D:9      | Found a staircase to the Lair.
  8669 | D:9      | Reached XP level 11. HP: 57/60 MP: 18/18
  8688 | D:9      | Reached skill level 10 in Invocations
  8790 | D:9      | Noticed a two-headed ogre
  8795 | D:9      | Killed a two-headed ogre
  8795 | D:9      | Reached skill level 1 in Dodging
  8795 | D:9      | Reached skill level 5 in Shields
  8806 | D:9      | Found a staircase to the Orcish Mines.
  8840 | D:9      | Reached ***** piety under Okawaru
  9013 | D:10     | Entered Level 10 of the Dungeon
  9132 | D:10     | Noticed a two-headed ogre
  9143 | D:10     | Killed a two-headed ogre
 10211 | D:11     | Found a portal to a secret trove of treasure.
 10596 | D:11     | Received a gift from Okawaru
 10848 | D:11     | Reached skill level 5 in Dodging
 11228 | D:11     | Reached XP level 12. HP: 64/64 MP: 19/19
 11393 | D:11     | Noticed a two-headed ogre
 11401 | D:11     | Killed a two-headed ogre
 11644 | Orc:1    | Entered Level 1 of the Orcish Mines
 12163 | Lair:1   | Entered Level 1 of the Lair of Beasts
 12403 | Lair:1   | Noticed a six-headed hydra
 12410 | Lair:1   | Killed a six-headed hydra
 12410 | Lair:1   | Received a gift from Okawaru
 12649 | Lair:1   | Found a blossoming altar of Fedhas.
 12682 | Lair:1   | Reached skill level 10 in Shields
 13435 | Lair:2   | Reached skill level 1 in Evocations
 13453 | Lair:2   | Got a shimmering scale mail
 13464 | Lair:2   | Identified the +5 scale mail of the Orb Guardian {rN+++ SInv Stlth-} (You found it on level 2 of the Lair of Beasts)
 14453 | Lair:2   | Reached ****** piety under Okawaru
 14801 | Lair:3   | Reached XP level 13. HP: 38/68 MP: 17/20
 15068 | Lair:3   | Reached skill level 5 in Evocations
 15109 | Lair:3   | Identified the Guide on Venom and Unholy Arts
 15364 | Lair:3   | Found a staircase to the Snake Pit.
 16313 | Lair:4   | Received a gift from Okawaru
 16316 | Lair:4   | Got a faintly humming crystal plate armour {god gift}
 16327 | Lair:4   | Identified the +7 crystal plate armour of Poor Excuses {-Cast rElec rN+ Int+4} (Okawaru gifted it to you on level 4 of the Lair of Beasts)
 16410 | Lair:4   | Noticed Kirke
 16426 | Lair:4   | Slain by a komodo dragon

Skill      XL: |  1  2  3  4  5  6  7  8  9 10 11 12 13 |
---------------+----------------------------------------+-----
Maces & Flails | 3 4 5 6 7 9 10 | 10.3
Invocations    | 3 7 9 10 | 10.0
Armour         | 5 7 10 | 10.1
Shields        | 4 8 10 | 10.4
Dodging        | 5 8 9 |  9.0
Evocations     | 4 6 |  6.0
Fighting       | |  3.2

Action                   |  1- 3 |  4- 6 |  7- 9 | 10-12 | 13-15 || total
-------------------------+-------+-------+-------+-------+-------++-------
Melee: Flail             |   120 |   293 |       |       |       ||   413
       Morningstar       |       |    10 |   283 |   878 |   117 ||  1288
       Punch             |       |       |       |     1 |       ||     1
       Unarmed           |       |       |       |       |     7 ||     7
Invok: Heroism           |       |       |     1 |     9 |     1 ||    11
       Finesse           |       |       |       |       |     1 ||     1
Evoke: Wand              |       |       |       |     1 |    14 ||    15
  Use: Scroll            |       |    14 |     6 |    11 |     2 ||    33
 Stab: Confused          |       |       |       |     2 |       ||     2
       Paralysed         |       |       |       |       |     4 ||     4
  Eat: Chunk             |     1 |     8 |    11 |    21 |     3 ||    44
       Royal jelly       |       |       |       |     2 |       ||     2
       Fruit             |       |       |       |     2 |     2 ||     4
Armor: Scale mail        |    49 |   139 |    21 |    59 |    53 ||   321
       Ring mail         |       |       |   110 |   341 |       ||   451
Dodge: Dodged            |    41 |    96 |    92 |   377 |    68 ||   674
Block: Shield            |    66 |   142 |    91 |   573 |   110 ||   982
       Reflection        |       |       |       |     6 |     3 ||     9
